AoeStats
← lbaquino21

Arabian Desert

509216481Analyzed
1v1 RM · 5d ago on Sep 25, 2026· 16m 33s· 2 players
Game mode
Random Map
Map size
Tiny (2 player)
Population
200
Speed
Normal
Resources
Standard
Victory
Conquest
Starting age
Dark Age
Ending age
Imperial Age
RankedLock teamsTeams togetherTeam positionsShared explorationLock speedFull tech treeHidden civsTurbo modeCheats
Victory
Defeat
🇺🇸 Franks · United States
745
+17
🇧🇷 Varangians · Brazil
767
-39
johnnykircher
7:57 Loom
9:54 Feudal Age
11:42 Double-Bit Axe
lbaquino21
11:28 Feudal Age
11:03 Loom
14:08 Wheelbarrow
13:18 Horse Collar
13:27 Double-Bit Axe
Connection lost

Rejoining the realm…

Still unreachable

The connection could not be restored.

Session expired

The server has moved on; the page needs a fresh start.